 Dungeon Crawl Stone Soup version 0.24-a0-130-ga3c21ff (webtiles) character file.

Game seed: 0

25020 nikopol the Eclecticist (level 12, -3/60 HPs)
             Began as a Deep Elf Fire Elementalist on Feb 25, 2019.
             Was an Elder of Vehumet.
             Slain by a wolf (11 damage)
             ... on level 5 of the Lair of Beasts on Feb 26, 2019.
             The game lasted 00:46:19 (17182 turns).

nikopol the Eclecticist (DEFE)                     Turns: 17182, Time: 00:46:19

Health: -3/60      AC: 10    Str:  5    XL:     12   Next: 85%
Magic:  30/42      EV: 13    Int: 26    God:    Vehumet [****..]
Gold:   944        SH:  0    Dex: 15    Spells: 20/41 levels left

rFire    + . .     SeeInvis .   H - +2 dagger (drain)
rCold    + . .     Gourm    .   (no shield)
rNeg     . . .     Faith    .   L - +2 leather armour {rF+}
rPois    .         Spirit   .   a - +0 helmet
rElec    .         Reflect  .   f - +1 cloak
rCorr    .         Harm     .   (no gloves)
MR       +....                  o - +0 pair of boots
Stlth    +++.......             O - amulet of magic regeneration
HPRegen  0.20/turn              B - ring of magical power
MPRegen  0.53/turn              P - ring of protection from cold

@: no status effects
A: no striking features
a: Renounce Religion


You were on level 5 of the Lair of Beasts.
You worshipped Vehumet.
Vehumet was greatly pleased with you.
You were very hungry.

You visited 2 branches of the dungeon, and saw 13 of its levels.

You collected 944 gold pieces.

Inventory:

Hand Weapons
 d - a +0 dagger
 H - a +2 dagger of draining (weapon)
Armour
 a - a +0 helmet (worn)
 f - a +1 cloak (worn)
 i - a +0 pair of boots
 o - a +0 pair of boots (worn)
 L - a +2 leather armour of fire resistance (worn)
Jewellery
 B - a ring of magical power (left hand)
 O - an amulet of magic regeneration (around neck)
 P - a ring of protection from cold (right hand)
Wands
 v - a wand of digging (4)
 y - a wand of acid (19)
 z - a wand of random effects (33)
 G - a wand of paralysis (5)
 I - a wand of clouds (4)
 K - a wand of enslavement (16)
Scrolls
 j - 3 scrolls of blinking
 m - 6 scrolls of enchant armour {unknown}
 p - 4 scrolls of random uselessness {unknown}
 r - 14 scrolls of remove curse
 w - 3 scrolls of noise {unknown}
 x - 5 scrolls of teleportation
 A - 2 scrolls of magic mapping {unknown}
 C - 6 scrolls of identify
 E - 6 scrolls of enchant weapon {unknown}
 F - a scroll of torment {unknown}
 J - 2 scrolls of immolation {unknown}
 M - a scroll of amnesia {unknown}
 R - a scroll of vulnerability {unknown}
Potions
 b - 5 potions of agility
 e - 3 potions of cancellation
 g - 4 potions of lignification
 h - a potion of heal wounds
 k - 3 potions of haste
 l - 7 potions of curing
 q - 2 potions of might
 s - 5 potions of flight
 t - 3 potions of brilliance {unknown}
 u - 3 potions of degeneration {unknown}
 D - 2 potions of magic {unknown}
 Q - a potion of berserk rage {unknown}
Comestibles
 c - 30 rations


   Skills:
 + Level 1.0 Fighting
 + Level 0.1 Short Blades
 * Level 6.5 Armour
 + Level 4.6 Dodging
 + Level 5.0 Stealth
 + Level 15.4 Spellcasting
 + Level 11.8 Conjurations
 + Level 12.4 Fire Magic


You had 20 spell levels left.
You knew the following spells:

 Your Spells              Type           Power        Failure   Level  Hunger
a - Flame Tongue          Conj/Fire      #####        1%          1    None
b - Throw Flame           Conj/Fire      ######       1%          2    None
c - Conjure Flame         Conj/Fire      ######..     1%          3    None
d - Sticky Flame          Conj/Fire      ######..     1%          4    None
e - Fireball              Conj/Fire      ######....   1%          5    None
f - Force Lance           Conj/Tloc      ######..     1%          4    None
g - Blink                 Tloc           N/A          6%          2    None

Your spell library contained the following spells:

 Spells                   Type           Power        Failure   Level  Hunger
 Lightning Bolt           Conj/Air       ######....   2%          5    None
 Magic Dart               Conj           ####         1%          1    None
 Sting                    Conj/Pois      ####         1%          1    None
 Searing Ray              Conj           ######       1%          2    None
 Dazzling Spray           Conj/Hex       ######       1%          3    None
 Inner Flame              Hex/Fire       ######..     1%          3    None
 Fulminant Prism          Conj/Hex       ######....   1%          4    None
 Iskenderun's Mystic Bla  Conj           ######..     1%          4    None
 Animate Skeleton         Necr           N/A          4%          1    None
 Apportation              Tloc           ###...       4%          1    None
 Confusing Touch          Hex            ###...       4%          1    None
 Pain                     Necr           ###.         4%          1    None
 Summon Small Mammal      Summ           ###.         4%          1    None
 Passwall                 Tmut/Erth      ###.....     6%          2    None
 Swiftness                Chrm/Air       ###.....     6%          2    None
 Call Canine Familiar     Summ           ###.....     12%         3    None
 Portal Projectile        Hex/Tloc       ###...       12%         3    None
 Recall                   Summ/Tloc      N/A          12%         3    None
 Vampiric Draining        Necr           ###.......   12%         3    None
 Lee's Rapid Deconstruct  Erth           ###.......   28%         5    None
 Passage of Golubria      Tloc           N/A          36%         4    None
 Aura of Abjuration       Summ           ###.......   73%         5    None
 Borgnjor's Vile Clutch   Necr/Erth      ###.......   73%         5    None
 Darkness                 Hex            ###.......   99%         6    ####...
 Dispersal                Tloc           ###.......   99%         6    ####...
 Invisibility             Hex            ###.....     99%         6    ####...
 Summon Hydra             Summ           ###.......   100%        7    #####..
 Dragon's Call            Summ           ###.......   100%        9    #######


Dungeon Overview and Level Annotations

Branches:
Dungeon (8/15)             Temple (0/1) D:7            Lair (5/6) D:8
  Swamp (0/4) Lair:2        Snake (0/4) Lair:3
  Slime: Lair:5-6

Altars:
Dithmenos
Qazlal
Ru
Trog
Vehumet
Yredelemnul
The Shining One

Shops:
D:8 (

Annotations:
Lair:5 Rupert


Message History

Casting: Sticky Flame (safe; 1% risk of failure)
Confirm with . or Enter, or press ? or * to list all spells.
Aiming: Sticky Flame (safe; 1% risk of failure)
Press: ? - help, Shift-Dir - straight line, f - wolf, p - wolf
Aim: a wolf The sticky flame hits the wolf!
The wolf is severely wounded.
The wolf is covered in liquid flames!
The wolf burns! x2; The wolf bites you!
* * * LOW HITPOINT WARNING * * *
The wolf bites the fungus!
The wolf bites you.
* * * LOW HITPOINT WARNING * * *
The wolf barely misses you.
The wolf bites the fungus.
The wolf barely misses you.
The wolf burns!
You kill the wolf!
Vehumet accepts your kill.
You feel your power returning.
The wolf burns!
The wolf bites you.
* * * LOW HITPOINT WARNING * * *
The wolf bites you!
You die...

. .. ...########
.....#..#P#######
...........h#....#..
h..........h@.......
...........h........
..................#.
................##..
.................# .
.P.....##..........
#P....#............
#P....P............
..P...............


You could see 3 wolves.

Vanquished Creatures
  An ice dragon (Lair:3)
  5 hydras
  Urug (Lair:4)
  Nergalle (Lair:3)
  3 black mambas
  6 spiny frogs
  A rime drake (Lair:4)
  3 komodo dragons
  A polar bear (Lair:2)
  Prince Ribbit (Lair:3)
  6 dream sheep (Lair:4)
  6 hippogriffs
  12 blink frogs
  Eustachio (D:4)
  3 hogs (D:8)
  2 wyverns
  A human (D:8)
  31 yaks
  A hungry ghost (D:7)
  Edmund (D:4)
  4 nagas (Lair:3)
  An acid dragon (D:8)
  7 water moccasins
  A porcupine (Lair:4)
  An ice beast (D:7)
  2 orc warriors
  3 phantoms
  An ogre (D:7)
  A centaur (D:6)
  7 wolves
  A big kobold (D:8)
  9 crocodiles
  9 bullfrogs
  4 wights (D:8)
  3 howler monkeys (D:7)
  An electric eel (Lair:3)
  A crimson imp (D:5)
  A quasit (D:8)
  8 hounds
  5 orc priests
  8 orc wizards
  A bullfrog skeleton (D:5)
  2 iguanas
  Ijyb (D:4)
  5 hell rats
  8 worker ants
  A killer bee zombie (D:7)
  7 gnolls (D:3)
  6 adders
  A howler monkey skeleton (D:5)
  3 shadow imps
  An ooze (D:2)
  An adder zombie (D:6)
  A worm (D:3)
  A dart slug (D:2)
  A leopard gecko (D:2)
  21 orcs
  2 giant cockroaches
  15 goblins
  8 hobgoblins
  13 jackals
  12 kobolds
  4 quokkas
  2 ball pythons
  6 bats
  4 frilled lizards
  A leopard gecko skeleton (D:5)
  6 rats
299 creatures vanquished.

Vanquished Creatures (others)
  4 fungi
  4 plants
8 creatures vanquished.

Grand Total: 307 creatures vanquished

Notes
Turn   | Place    | Note
-------+----------+-------------------------------------------
     0 | D:1      | nikopol the Deep Elf Fire Elementalist began the quest for
                  | the Orb.
     0 | D:1      | Reached XP level 1. HP: 10/10 MP: 6/6
   220 | D:1      | Reached XP level 2. HP: 15/15 MP: 6/8
  1173 | D:2      | Reached XP level 3. HP: 19/19 MP: 6/10
  1940 | D:3      | Noticed a bullfrog
  1951 | D:3      | Killed a bullfrog
  1951 | D:3      | Reached skill level 4 in Spellcasting
  1951 | D:3      | Reached XP level 4. HP: 24/24 MP: 8/12
  1959 | D:3      | Learned a level 2 spell: Throw Flame
  1963 | D:3      | Learned a level 3 spell: Conjure Flame
  1968 | D:3      | Learned a level 4 spell: Sticky Flame
  2032 | D:3      | Reached XP level 5. HP: 28/28 MP: 5/13
  2136 | D:3      | Found a stormy altar of Qazlal.
  2202 | D:3      | Found a bloodstained altar of Trog.
  2528 | D:3      | Reached skill level 5 in Fire Magic
  2869 | D:3      | Reached XP level 6. HP: 32/32 MP: 11/15
  2961 | D:4      | Reached skill level 5 in Spellcasting
  3522 | D:4      | Found a basalt altar of Yredelemnul.
  3522 | D:4      | Found a shadowy altar of Dithmenos.
  3555 | D:4      | Found a radiant altar of Vehumet.
  3568 | D:4      | Became a worshipper of Vehumet
  3664 | D:4      | Learned a level 5 spell: Fireball
  3735 | D:4      | Noticed Eustachio
  3858 | D:4      | Noticed Edmund
  3889 | D:4      | Killed Edmund
  3889 | D:4      | Reached skill level 6 in Spellcasting
  3889 | D:4      | Reached XP level 7. HP: 36/36 MP: 8/18
  3983 | D:4      | Killed Eustachio
  4389 | D:4      | Reached skill level 7 in Spellcasting
  4389 | D:4      | Reached skill level 5 in Conjurations
  4772 | D:4      | Reached XP level 8. HP: 32/42 MP: 14/20
  4890 | D:4      | Noticed Ijyb
  4901 | D:4      | Killed Ijyb
  4901 | D:4      | Reached * piety under Vehumet
  4901 | D:4      | Offered knowledge of Magic Dart by Vehumet.
  5129 | D:5      | Entered Level 5 of the Dungeon
  5137 | D:5      | Found the +8 frozen axe "Frostbite" {freezing cloud, *Noise
                  | +Fly rC+}
  5470 | D:5      | Reached skill level 8 in Spellcasting
  6613 | D:6      | Learned a level 4 spell: Force Lance
  7390 | D:7      | Found a staircase to the Ecumenical Temple.
  7398 | D:7      | Reached skill level 9 in Spellcasting
  7409 | D:7      | Found a bloodstained altar of Trog.
  7588 | D:7      | Reached ** piety under Vehumet
  7683 | D:7      | Upgraded the game from 0.24-a0-127-gfc1eed5 to
                  | 0.24-a0-130-ga3c21ff
  7691 | D:7      | Offered knowledge of Sandblast by Vehumet.
  7773 | D:7      | Reached XP level 9. HP: 46/46 MP: 16/24
  8409 | D:7      | Found a sacrificial altar of Ru.
  8535 | D:8      | Reached skill level 10 in Spellcasting
  8956 | D:8      | Identified the Incunabulum of the Twisted Voyage
  9081 | D:8      | Found Senetough's Weapon Shop.
  9220 | D:8      | Found a glowing golden altar of the Shining One.
  9257 | D:8      | Offered knowledge of Ignite Poison by Vehumet.
  9630 | D:8      | Reached skill level 11 in Spellcasting
  9696 | D:8      | Noticed a komodo dragon
  9719 | D:8      | Killed a komodo dragon
  9719 | D:8      | Reached skill level 5 in Stealth
  9907 | D:8      | Noticed a komodo dragon
  9922 | D:8      | Found a staircase to the Lair.
  9927 | D:8      | Killed a komodo dragon
  9927 | D:8      | Reached XP level 10. HP: 51/51 MP: 9/27
 10331 | D:8      | Reached *** piety under Vehumet
 10664 | Lair:1   | Entered Level 1 of the Lair of Beasts
 10851 | Lair:1   | Reached skill level 12 in Spellcasting
 10900 | Lair:1   | Noticed a spiny frog
 10905 | Lair:1   | Killed a spiny frog
 10975 | Lair:1   | Noticed a spiny frog
 10981 | Lair:1   | Reached skill level 1 in Armour
 10985 | Lair:1   | Killed a spiny frog
 11231 | Lair:1   | Noticed a spiny frog
 11235 | Lair:1   | Killed a spiny frog
 11321 | Lair:1   | Offered knowledge of Olgreb's Toxic Radiance by Vehumet.
 11894 | Lair:2   | Noticed a spiny frog
 11903 | Lair:2   | Killed a spiny frog
 11903 | Lair:2   | Reached skill level 13 in Spellcasting
 11903 | Lair:2   | Reached XP level 11. HP: 55/55 MP: 29/30
 12120 | Lair:2   | Reached skill level 10 in Fire Magic
 12122 | Lair:2   | Reached skill level 10 in Conjurations
 12331 | Lair:2   | Noticed a six-headed hydra
 12335 | Lair:2   | Killed a six-headed hydra
 12536 | Lair:2   | Noticed a five-headed hydra
 12543 | Lair:2   | Killed a five-headed hydra
 12758 | Lair:2   | Found a staircase to the Swamp.
 13357 | Lair:3   | Noticed Prince Ribbit
 13558 | Lair:3   | Killed Prince Ribbit
 13670 | Lair:3   | Identified Sif Muna's Catalogue of the Magpie
 13678 | Lair:3   | Learned a level 2 spell: Blink
 14083 | Lair:3   | Identified the Incunabulum of Poisonous Creation
 14129 | Lair:3   | Reached **** piety under Vehumet
 14133 | Lair:3   | Reached skill level 14 in Spellcasting
 14139 | Lair:3   | Reached skill level 1 in Fighting
 14427 | Lair:3   | Noticed an ice dragon
 14430 | Lair:3   | Killed an ice dragon
 14430 | Lair:3   | Offered knowledge of Lightning Bolt by Vehumet.
 14430 | Lair:3   | Reached skill level 5 in Armour
 14598 | Lair:3   | Noticed a five-headed hydra
 14607 | Lair:3   | Killed a five-headed hydra
 14607 | Lair:3   | Reached XP level 12. HP: 60/60 MP: 20/32
 14867 | Lair:3   | Found a staircase to the Snake Pit.
 14916 | Lair:3   | Noticed Nergalle
 14923 | Lair:3   | Killed Nergalle
 15252 | Lair:4   | Noticed a four-headed hydra
 15265 | Lair:4   | Killed a four-headed hydra
 15719 | Lair:4   | Noticed Urug
 15723 | Lair:4   | Killed Urug
 15723 | Lair:4   | Reached skill level 15 in Spellcasting
 16640 | Lair:5   | Noticed Rupert
 16909 | Lair:5   | Noticed an eight-headed hydra
 16913 | Lair:5   | Killed an eight-headed hydra
 17182 | Lair:5   | Slain by a wolf

Levels and vault maps discovered:
D:1:      dpeg_arrival_pond, layout_basic
D:2:      layout_loops_corners
D:3:      layout_loops_ring, nicolae_qazlal_general_emergency,
          lightli_temple_of_fire, first_ration
D:4:      kennysheep_goblin_castle, layout_basic,
          chequers_temple_overflow_statue_of_worship, uniq_eustachio,
          uniq_edmund
D:5:      minmay_inner_zag, layout_loops_ring
D:6:      layout_layer_cave
D:7:      layout_basic, overflow_temple_1_default, minmay_temple_entry_tees,
          bloody_trog
D:8:      layout_loops_ring, nicolae_tso_swordbearing_angel, erik_lair_dragon,
          serial_shops, nicolae_shop_stone, grunt_livestock,
          minmay_misc_feat_hallway
Lair:1:   layout_small_grid, serial_bayou_shore_a
Lair:2:   layout_cave_pods, swamp_mist_pool
Lair:3:   dragon1_lemuel, layout_cave_pods, minmay_snake_entry_guardpost_medium,
          grunt_megastairs_3, uniq_prince_ribbit2, uniq_nergalle
Lair:4:   layout_big_grid, uniq_urug
Lair:5:   layout_hall_layers, ebering_ghost_funeral_grove, uniq_rupert

Skill      XL: |  1  2  3  4  5  6  7  8  9 10 11 12 |
---------------+-------------------------------------+-----
Fire Magic     | 4 5 6 7 8 9 11 12 | 12.4
Dodging        | 3 4 |  4.6
Spellcasting   | 4 6 7 9 11 13 14 15 | 15.4
Conjurations   | 2 3 4 5 6 8 9 10 11 | 11.8
Stealth        | 3 4 5 |  5.0
Armour         | 2 5 6 |  6.5
Fighting       | 1 |  1.0
Short Blades   | |  0.1

Action                   |  1- 3 |  4- 6 |  7- 9 | 10-12 || total
-------------------------+-------+-------+-------+-------++-------
Melee: Unarmed           |     1 |       |       |       ||     1
       Dagger            |       |     3 |       |       ||     3
 Cast: Flame Tongue      |    72 |    98 |   221 |   165 ||   556
       Conjure Flame     |       |     3 |     8 |     3 ||    14
       Throw Flame       |       |     5 |    11 |    43 ||    59
       Sticky Flame      |       |     1 |    24 |    49 ||    74
       Fireball          |       |       |    20 |   105 ||   125
       Force Lance       |       |       |       |     1 ||     1
Evoke: Wand              |       |       |       |     1 ||     1
  Use: Scroll            |       |     4 |     6 |     3 ||    13
  Eat: Chunk             |     1 |     8 |    22 |    26 ||    57
Armor: Robe              |     7 |     1 |    10 |       ||    18
       Leather armour    |       |       |       |    18 ||    18
Dodge: Dodged            |    17 |    24 |    39 |    45 ||   125

Table legend:
 A = Non-vault XP
 B = Vault XP
 C = Vault XP percentage of total XP
 D = Non-vault monster count
 E = Vault monster count
 F = Vault count percentage of total count
                 A         B        C        D         E       F
            +---------+---------+-------+---------+---------+-------
      Total |   27726 |    8017 |  22.4 |     257 |      42 |  14.0
            +---------+---------+-------+---------+---------+-------
        D:1 |      39 |       0 |   0.0 |      24 |       0 |   0.0
        D:2 |      53 |       0 |   0.0 |      19 |       0 |   0.0
        D:3 |     315 |       0 |   0.0 |      23 |       0 |   0.0
        D:4 |     520 |     562 |  51.9 |      22 |      14 |  38.9
        D:5 |     391 |      90 |  18.7 |      16 |       3 |  15.8
        D:6 |     311 |       0 |   0.0 |      10 |       0 |   0.0
        D:7 |     952 |       0 |   0.0 |      15 |       0 |   0.0
        D:8 |    1201 |    2378 |  66.4 |      29 |      12 |  29.3
     Lair:1 |    3425 |       0 |   0.0 |      18 |       0 |   0.0
     Lair:2 |    5863 |       0 |   0.0 |      23 |       0 |   0.0
     Lair:3 |    4039 |    4136 |  50.6 |      14 |      12 |  46.2
     Lair:4 |    8705 |     851 |   8.9 |      38 |       1 |   2.6
     Lair:5 |    1912 |       0 |   0.0 |       6 |       0 |   0.0
            +---------+---------+-------+---------+---------+-------
